 Dungeon Crawl Stone Soup version 0.28.0-53-g5a82cb258f (webtiles) character file.

Game seed: 15848205529225404012

51 DildoBatman the Conjurer (level 4, -1/30 HPs)
             Began as a Formicid Conjurer on July 4, 2022.
             Frozen to death by an endoplasm (2 damage)
             ... on level 3 of the Dungeon.
             The game lasted 00:02:29 (787 turns).

DildoBatman the Conjurer (Formicid Conjurer)         Turns: 787, Time: 00:02:30

Health: -1/30      AC:  2    Str: 12    XL:     4   Next: 5%
Magic:  3/7        EV: 12    Int: 17    God:
Gold:   8          SH:  0    Dex: 11    Spells: 4/7 levels left

rFire   . . .      SeeInvis +   f - +1 dagger (protect)
rCold   . . .      Faith    .   (no shield)
rNeg    . . .      Spirit   .   a - +0 robe
rPois   .          Reflect  .   (helmet unavailable)
rElec   .          Harm     .   (no cloak)
rCorr   .          Rampage  .   (no gloves)
Will    .....                   (no boots)
Stlth   ++........              (no amulet)
HPRegen 0.10/turn               (no ring)
MPRegen 0.10/turn               (no ring)

@: no status effects
A: permanent stasis, dig shafts and tunnels, antennae 3, four strong arms
a: Dig, Shaft Self


You were on level 3 of the Dungeon.
You visited 1 branch of the dungeon, and saw 3 of its levels.

You collected 8 gold pieces.

Inventory:

Hand Weapons
 b - a +0 club
 f - a +1 dagger of protection (weapon)
Missiles
 e - 45 stones
 i - 17 sling bullets
 j - 14 arrows
Armour
 a - a +0 robe (worn)
 d - a +0 buckler
Scrolls
 c - a scroll of identify {unknown}
 h - a scroll of vulnerability {unknown}
Potions
 g - a potion of curing {unknown}


   Skills:
 - Level 1.7 Dodging
 - Level 2.4 Stealth
 - Level 2.1 Spellcasting
 * Level 4.9 Conjurations


You had 4 spell levels left.
You knew the following spells:

 Your Spells              Type           Power      Damage    Failure   Level
a - Searing Ray           Conj           36%        2d5       3%          2
c - Magic Dart            Conj           72%        1d6       2%          1

Your spell library contained the following spells:

 Spells                   Type           Power      Damage    Failure   Level
 Dazzling Flash           Conj/Hex       20%        N/A       21%         3
 Fulminant Prism          Conj/Hex       5%         3d7       56%         4
 Iskenderun's Mystic Bla  Conj/Tloc      10%        2d4       56%         4


Dungeon Overview and Level Annotations

Branches:
Dungeon (2/15)

Altars:


Innate Abilities, Weirdness & Mutations

You cannot be hasted, slowed, berserked, paralysed or teleported.
You can dig through walls and to a lower floor.
You have a pair of large antennae on your head. (SInv)
Your four strong arms can wield two-handed weapons with a shield.


Message History

The rat twitches its whiskers.
The rat misses you. The orc misses you. The endoplasm freezes you.
You are frozen.
What are your orders? t - Shout!
Orders for allies: a - Attack new target. r - Retreat! s - Stop attacking. g - Guard the area. f - Follow me.
Anything else - Cancel.
You shout for attention!
The rat bites you. The orc barely misses you. The bat misses you.
The endoplasm closely misses you. What are your orders? t - Shout!
Orders for allies: a - Attack new target. r - Retreat! s - Stop attacking. g - Guard the area. f - Follow me.
Anything else - Cancel.
You shout for attention!
The bat barely misses you. The rat bites you. The orc barely misses you.
The endoplasm misses you. What are your orders? t - Shout!
Orders for allies: a - Attack new target. r - Retreat! s - Stop attacking. g - Guard the area. f - Follow me.
Anything else - Cancel.
You shout for attention!
The rat bites you. The bat hits you but does no damage.
The orc closely misses you. The endoplasm freezes you.
You are frozen.
You die...

.... #..#
#... ##..#
### #
.........
#..#.#.###
#.b.......
#.@.......
#oJr......
...........
###.........
#.........
..........
#.##.#.###
#. .#.#


You could see an orc, an endoplasm, a bat and a rat.

Vanquished Creatures
  An adder (D:2)
  A dart slug (D:2)
  A ball python (D:1)
  4 endoplasms (D:1)
  A giant cockroach (D:1)
  6 goblins (D:1)
  4 hobgoblins (D:1)
  10 jackals (D:1)
  2 kobolds (D:1)
  A rat (D:1)
31 creatures vanquished.

Vanquished Creatures (others)
  2 fungi (D:1)
  14 plants (D:1)
16 creatures vanquished.

Grand Total: 47 creatures vanquished

Notes
Turn   | Place    | Note
-------+----------+-------------------------------------------
     0 | D:1      | DildoBatman the Formicid Conjurer began the quest for the
                  | Orb.
     0 | D:1      | Reached XP level 1. HP: 13/13 MP: 3/3
   173 | D:1      | Reached skill level 4 in Conjurations
   173 | D:1      | Reached XP level 2. HP: 19/19 MP: 3/5
   177 | D:1      | Learned a level 2 spell: Searing Ray
   270 | D:1      | Reached XP level 3. HP: 5/24 MP: 0/6
   525 | D:1      | Found a faded altar of an unknown god.
   762 | D:2      | Reached XP level 4. HP: 30/30 MP: 1/7
   764 | D:2      | You fall into a shaft and drop 1 floor!
   787 | D:3      | HP: 1/30 [rat (1)]
   787 | D:3      | Frozen to death by an endoplasm

Illustrated notes

Levels and vault maps discovered:
D:1:      wander_arrival_abandoned_jail, layout_rooms,
          shapermc_ecumenical_altar_hornbeckon
D:2:      layout_loops_corners, kennysheep_generic_room_9
D:3:      layout_basic, nicolae_wormholes

Skill      XL: |  1 |
---------------+----+-----
Conjurations   | 4 |  4.9
Dodging        | |  1.7
Stealth        | |  2.4
Spellcasting   | |  2.1

Action                   |  1- 3 |  4- 6 || total
-------------------------+-------+-------++-------
Melee: Unarmed           |     2 |       ||     2
       Club              |    20 |       ||    20
       Dagger            |    21 |       ||    21
       Punch             |     1 |       ||     1
 Cast: Magic Dart        |    24 |       ||    24
       Searing Ray       |     9 |       ||     9
 Abil: Shaft Self        |       |     1 ||     1
Armor: Robe              |    16 |     5 ||    21
Dodge: Dodged            |    50 |    33 ||    83
